 Dungeon Crawl Stone Soup version 0.23-a0-650-ga4d50d4 (webtiles) character file.

56 Blackhawk the Cudgeler (level 3, 0/23 HPs)
             Began as a Gargoyle Gladiator on Jan 4, 2019.
             Slain by a gnoll
             ... wielding a +2 flail of protection
              (8 damage)
             ... on level 2 of the Dungeon.
             The game lasted 00:02:10 (1201 turns).

Blackhawk the Cudgeler (Gargoyle Gladiator)         Turns: 1201, Time: 00:02:10

Health: 0/23       AC:  7    Str: 18    XL:     3   Next: 97%
Magic:  3/3        EV: 12    Int:  8    God:
Gold:   67         SH:  0    Dex: 11    Spells: 2/2 levels left

rFire    . . .     SeeInvis .   a - +0 flail
rCold    . . .     Gourm    .   (no shield)
rNeg     + . .     Faith    .   b - +0 leather armour
rPois    ∞         Spirit   .   c - +0 helmet
rElec    +         Reflect  .   (no cloak)
rCorr    .         Harm     .   (no gloves)
MR       .....                  (no boots)
Stlth    +.........             (no amulet)
HPRegen  0.07/turn              (no ring)
MPRegen  0.08/turn              (no ring)

@: no status effects
A: negative energy resistance 1, electricity resistance, unbreathing,
petrification resistance, rot immunity, AC +3
a: no special abilities


You were on level 2 of the Dungeon.
You were not hungry.

You visited 1 branch of the dungeon, and saw 2 of its levels.

You collected 67 gold pieces.

Inventory:

Hand Weapons
 a - a +0 flail (weapon)
Missiles
 d - 3 throwing nets (quivered)
Armour
 b - a +0 leather armour (worn)
 c - a +0 helmet (worn)
Scrolls
 h - 2 scrolls of teleportation {unknown}
 i - a scroll of remove curse {unknown}
 j - a scroll of immolation {unknown}
 k - a scroll of fear {unknown}
 m - 4 scrolls of amnesia {unknown}
 n - 2 scrolls of identify {unknown}
Potions
 e - 2 potions of curing {unknown}
 l - a potion of flight {unknown}
 o - a potion of agility {unknown}
Comestibles
 f - a ration
 g - 4 chunks of flesh


   Skills:
 + Level 3.0 Fighting
 + Level 3.4 Maces & Flails
 + Level 2.3 Throwing
 + Level 2.8 Dodging


You had 2 spell levels left.
You didn't know any spells.
Your spell library was empty.

Dungeon Overview and Level Annotations

Branches:
Dungeon (2/15)

Altars:


Innate Abilities, Weirdness & Mutations

You are resistant to torment.
Your stone body is resilient. (AC +3)
You are immune to poison.
You resist negative energy. (rN+)
You are resistant to electric shocks. (rElec)
You can survive without breathing.
You are immune to petrification.
You are immune to rotting.


Message History

The gnoll is moderately wounded.
The gnoll barely misses you.
The gnoll shouts!
You sock the gnoll!
The gnoll is severely wounded.
The gnoll hits you but does no damage.
You hit the gnoll.
The gnoll is almost dead.
The gnoll hits you with a +0 club.
You hit the gnoll.
You kill the gnoll!
Your Fighting skill increases to level 3!
A dart slug comes into view.
You barely miss the gnoll.
The gnoll is moderately wounded.
The gnoll hits you with a +2 flail of protection.
You hit the gnoll but do no damage.
The gnoll is moderately wounded.
The gnoll hits you with a +2 flail of protection!
You die...

# . #g .. g# .# . ###
#.# .## #.#..
##.####....
....#.#g#####
#.....#....
#..w.ggg@.###..##......
####..###.............
#..# #####.#.#... #...
#.#.#.# #.#.# #.#...#
.. .. #.##..# ... #.##
#.##..# ... ..##
#.###.# ...# #..#
#.###.#


You could see 3 gnolls, a dart slug and a goblin.

Vanquished Creatures
  A gnoll (D:2)
  An adder (D:2)
  3 dart slugs (D:1)
  2 leopard geckos (D:1)
  An orc (D:2)
  3 bats
  A giant cockroach (D:1)
  A goblin (D:1)
  2 hobgoblins (D:1)
  9 jackals
  A frilled lizard (D:1)
  A rat (D:1)
26 creatures vanquished.

Notes
Turn   | Place    | Note
-------+----------+-------------------------------------------
     0 | D:1      | Blackhawk the Gargoyle Gladiator began the quest for the
                  | Orb.
     0 | D:1      | Reached XP level 1. HP: 12/12 MP: 1/1
   234 | D:1      | Reached XP level 2. HP: 18/18 MP: 2/2
   791 | D:1      | Reached XP level 3. HP: 22/22 MP: 3/3
  1201 | D:2      | Slain by a gnoll

Vault maps used:
D:1:      lightli_arrival_lavapool, minivault_27, chequers_serial_rivers_large_a
D:2:      uniq_sigmund

Skill      XL: |  1  2  3 |
---------------+----------+-----
Throwing       | 2 |  2.3
Fighting       | 3 |  3.0
Maces & Flails | |  3.4
Dodging        | |  2.8

Action                   || total
-------------------------++-------
Melee: Flail             ||   100
  Eat: Chunk             ||     1
Armor: Leather armour    ||    57
Dodge: Dodged            ||   104

Table legend:
 A = Non-vault XP
 B = Vault XP
 C = Vault XP percentage of total XP
 D = Non-vault monster count
 E = Vault monster count
 F = Vault count percentage of total count
                 A         B        C        D         E       F
            +---------+---------+-------+---------+---------+-------
      Total |      81 |       0 |   0.0 |      26 |       0 |   0.0
            +---------+---------+-------+---------+---------+-------
        D:1 |      45 |       0 |   0.0 |      20 |       0 |   0.0
        D:2 |      36 |       0 |   0.0 |       6 |       0 |   0.0
            +---------+---------+-------+---------+---------+-------
